 Dungeon Crawl Stone Soup version 0.29-a0-1027-gcd8c55af63 (webtiles) character file.

Game seed: 2993313383081111371

112 gelatine the Stinger (level 4, -17/30 HPs)
             Began as a Demonspawn Venom Mage on Aug 13, 2022.
             Engulfed by a cloud of flame (19 damage)
             ... on level 3 of the Dungeon.
             The game lasted 00:07:30 (2384 turns).

gelatine the Stinger (Demonspawn Venom Mage)        Turns: 2384, Time: 00:07:30

Health: -17/30     AC:  3    Str:  8    XL:     4   Next: 63%
Magic:  6/7        EV: 14    Int: 18    God:
Gold:   163        SH:  0    Dex: 14    Spells: 7/8 levels left

rFire   . . .      SeeInvis .   s - +4 mace
rCold   . . .      Faith    .   (no shield)
rNeg    + . .      Spirit   .   a - +0 robe
rPois   .          Reflect  .   (no helmet)
rElec   .          Harm     .   (no cloak)
rCorr   .          Rampage  .   c - +0 pair of gloves
Will    .....                   (no boots)
Stlth   ++........              l - amulet of Wonder {RegenMP rN+}
HPRegen 0.10/turn               (no ring)
MPRegen 0.50/turn               (no ring)

@: no status effects
A: hooves 1, repulsion field 1, foul stench 1
a: no special abilities


You were on level 3 of the Dungeon.
You visited 1 branch of the dungeon, and saw 3 of its levels.

You collected 163 gold pieces.

Inventory:

Hand Weapons
 j - a +1 dagger of draining
 s - a +4 mace (weapon)
Armour
 a - a +0 robe (worn)
 c - a +0 pair of gloves (worn)
Jewellery
 l - the amulet of Wonder (around neck) {RegenMP rN+}
   (You found it on level 2 of the Dungeon)

   [amulet of magic regeneration]

   It increases your rate of magic regeneration.
   rN:        It protects you from negative energy.
Wands
 n - a wand of flame (16)
Scrolls
 d - a scroll of amnesia {unknown}
 e - a scroll of fog {unknown}
 g - a scroll of poison {unknown}
 i - a scroll of silence
 k - a scroll of immolation
 o - a scroll of torment {unknown}
 r - a scroll of enchant armour {unknown}
Potions
 b - a potion of magic
 f - a potion of attraction
 h - a potion of cancellation
 m - a potion of flight
 p - a potion of brilliance


   Skills:
 + Level 0.1 Fighting
 + Level 0.1 Short Blades
 + Level 2.0 Dodging
 + Level 2.3 Stealth
 + Level 2.6 Spellcasting
 + Level 2.1 Transmutations
 + Level 4.0 Poison Magic


You had 7 spell levels left.
You knew the following spells:

 Your Spells              Type           Power      Damage    Failure   Level
a - Sting                 Tmut/Pois      52%        1d5       4%          1

Your spell library contained the following spells:

 Spells                   Type           Power      Damage    Failure   Level
 Poisonous Vapours        Pois/Air       18%        N/A       11%         2
 Spider Form              Tmut/Pois      13%        N/A       14%         3
 Ensorcelled Hibernation  Hex/Ice        4%         N/A       26%         2
 Mephitic Cloud           Conj/Pois/Air  7%         N/A       28%         3
 Olgreb's Toxic Radiance  Pois           17%        N/A       32%         4
 Anguish                  Hex/Necr       1%         N/A       86%         4


Dungeon Overview and Level Annotations

Branches:
Dungeon (3/15)

Altars:

Annotations:
D:3 Robin


Innate Abilities, Weirdness & Mutations

You have large cloven feet.
You are surrounded by a mild repulsion field. (EV +2)
You may rarely emit foul miasma when damaged in melee.


Message History

You are too injured to fight recklessly!
Casting: Sting (safe; 4% risk of failure)
Confirm with . or Enter, or press ? or * to list all spells.
Aiming: Sting (safe; 4% risk of failure)
Press: ? - help, Shift-Dir - straight line, f - bat
Aim: a bat (inner flame, 57% to hit)
The sting misses the bat.
The bat misses you. The bat attacks as you move away! The bat misses you.
The bat closely misses you.
Casting: Sting (safe; 4% risk of failure)
Confirm with . or Enter, or press ? or * to list all spells.
Aiming: Sting (safe; 4% risk of failure)
Press: ? - help, Shift-Dir - straight line, f/p - bat
Aim: a bat (inner flame, 57% to hit)
The sting misses the bat.
The bat completely misses you.
Unknown command.
Casting: Sting (safe; 4% risk of failure)
Confirm with . or Enter, or press ? or * to list all spells.
Aiming: Sting (safe; 4% risk of failure)
Press: ? - help, Shift-Dir - straight line, f/p - bat
Aim: a bat (inner flame, 57% to hit)
The sting hits the bat but does no damage.
The bat is poisoned.
The bat hits you but does no damage. The bat attacks as you move away!
The bat hits you but does no damage. The bat misses you.
The bat barely misses you.
Casting: Sting (safe; 4% risk of failure)
Confirm with . or Enter, or press ? or * to list all spells.
Aiming: Sting (safe; 4% risk of failure)
Press: ? - help, Shift-Dir - straight line, f - goblin, p - bat
Aim: a goblin, wielding a +0 club (inner flame, 64% to hit)
The sting hits the bat.
The bat looks even sicker.
The bat explodes!
The fiery explosion engulfs the goblin!!
The fiery explosion engulfs you!
* * * LOW HITPOINT WARNING * * *
The goblin explodes!
You are engulfed in blazing flames.
Ouch! That really hurt!
You die...

#..........
##......... .....#..
#.# #.#..#.. #### #.#
#......# ##§§###.#
###...####
#..§§##.####....#####
#.##§#....[...#......
#.##@#.#..###.#......
#.##...#...)..#....).
##g##..#.....###......
#..##....###.# #......
#o###......#.# #......
#r# ######...# #......
#)# ##### #...... #.#
#...... #)# #......


There were no monsters in sight!

Vanquished Creatures
  Jessica (D:3)
  2 adders
  A worm (D:2)
  A dart slug (D:3)
  An orc (D:3)
  4 ball pythons
  3 endoplasms
  2 giant cockroaches
  12 goblins
  10 hobgoblins
  4 quokkas
  2 bats (D:3)
  5 frilled lizards
  6 kobolds
  5 rats
59 creatures vanquished.

Notes
Turn   | Place    | Note
-------+----------+-------------------------------------------
     0 | D:1      | gelatine the Demonspawn Venom Mage began the quest for the
                  | Orb.
     0 | D:1      | Reached XP level 1. HP: 13/13 MP: 3/3
   223 | D:1      | Gained mutation: You have large cloven feet. [demonic
                  | ancestry]
   223 | D:1      | Reached XP level 2. HP: 19/19 MP: 1/5
   647 | D:1      | Reached skill level 1 in Transmutations
   957 | D:1      | Gained mutation: You are surrounded by a mild repulsion
                  | field. (EV +2) [demonic ancestry]
   957 | D:1      | Reached XP level 3. HP: 24/24 MP: 3/6
  1060 | D:1      | Found a faded altar of an unknown god.
  1417 | D:2      | Identified the amulet of Wonder {RegenMP rN+}
  1545 | D:2      | Identified the +7 trident of Gydaner {holy, Int+3}
  1794 | D:2      | Reached skill level 4 in Poison Magic
  2064 | D:3      | Gained mutation: You may rarely emit foul miasma when
                  | damaged in melee. [demonic ancestry]
  2064 | D:3      | Reached XP level 4. HP: 30/30 MP: 5/7
  2222 | D:3      | Noticed Jessica
  2225 | D:3      | Killed Jessica
  2350 | D:3      | Noticed Robin
  2384 | D:3      | Engulfed by a cloud of flame

Illustrated notes

Levels and vault maps discovered:
D:1:      onia_arrival_handbag, layout_loops_cross,
          shapermc_ecumenical_altar_mp_vishouse, minmay_misc_feat_ornament,
          minmay_tripent
D:2:      layout_loops_ring, minmay_pentomino_u2
D:3:      layout_rooms, mainiacjoe_overflow_tiny_flanked, uniq_jessica,
          uniq_robin

Skill      XL: |  1  2  3  4 |
---------------+-------------+-----
Transmutations | 1 2 |  2.1
Dodging        | 2 |  2.0
Poison Magic   | 4 |  4.0
Stealth        | 2 |  2.3
Fighting       | |  0.1
Short Blades   | |  0.1
Spellcasting   | |  2.6

Action                   |  1- 3 |  4- 6 || total
-------------------------+-------+-------++-------
Melee: Unarmed           |     3 |       ||     3
       Short sword       |     7 |       ||     7
       Kick              |     2 |     2 ||     4
       Dagger            |    20 |     1 ||    21
       Mace              |       |     5 ||     5
 Cast: Sting             |    73 |    30 ||   103
  Use: Scroll            |     3 |     3 ||     6
       Potion            |       |     2 ||     2
Armor: Robe              |     5 |     4 ||     9
Dodge: Dodged            |    27 |    21 ||    48

Table legend: (Time is in decaauts)
 A = Elapsed time spent in this place.
 B = Non-inter-level travel time spent in this place.
 C = Inter-level travel time spent in this place.
 D = Time resting spent in this place.
 E = Time spent auto-exploring this place.
 F = Levels seen in this place.
 G = Mean time per level.
                   A        B        C        D        E       F      G
               +--------+--------+--------+--------+--------+-----+--------+
         Total |   2384 |   2320 |     64 |      0 |   1853 |   3 |  794.7 |
       Dungeon |   2384 |   2320 |     64 |      0 |   1853 |   3 |  794.7 |
               +--------+--------+--------+--------+--------+-----+--------+

Top non-repeatable levels by time:
     D:1: 1079 daAuts
     D:2: 836 daAuts
     D:3: 468 daAuts
